 Dungeon Crawl Stone Soup version 0.30-a0-279-g4b46babb21 (webtiles) character file.

Game seed: 13744081181420549559

35 slphil the Trooper (level 3, -11/30 HPs)
             Began as a Barachi Fighter on Oct 16, 2022.
             Was an Initiate of Yredelemnul.
             Mangled by an ogre
             ... wielding a +0 giant club
              (20 damage)
             ... on level 3 of the Dungeon.
             The game lasted 00:01:45 (671 turns).

slphil the Trooper (Barachi Fighter)                 Turns: 671, Time: 00:01:46

Health: -11/30     AC:  8    Str: 19    XL:     3   Next: 33%
Magic:  3/3        EV:  9    Int:  8    God:    Yredelemnul [......]
Gold:   45         SH:  4    Dex: 11    Spells: 2/2 levels left

rFire   . . .      SeeInvis .    a - +0 flail
rCold   . . .      Faith    .    c - +0 buckler
rNeg    . . .      Spirit   .    b - +0 scale mail
rPois   .          Reflect  .    e - +0 helmet
rElec   .          Harm     .    (no cloak)
rCorr   .          Rampage  .    (no gloves)
Will    .....                    (no boots)
Stlth   ..........               (no amulet)
HPRegen 0.25/turn                (no ring)
MPRegen 0.08/turn                (no ring)

@: slow
A: amphibious, slowness 1, strong legs 1, +LOS
a: Hop, Renounce Religion, Recall Undead Harvest


You were on level 3 of the Dungeon.
You worshipped Yredelemnul.
Yredelemnul was noncommittal.
You visited 1 branch of the dungeon, and saw 3 of its levels.

You collected 45 gold pieces.

Inventory:

Hand Weapons
 a - a +0 flail (weapon)
Armour
 b - a +0 scale mail (worn)
 c - a +0 buckler (worn)
 e - a +0 helmet (worn)
Scrolls
 f - a scroll of amnesia {unknown}
 g - a scroll of blinking {unknown}
Potions
 d - a potion of might
 h - 2 potions of degeneration {unknown}


   Skills:
 + Level 4.2 Fighting
 * Level 3.5 Maces & Flails
 - Level 3.6 Armour
 - Level 3.2 Shields


You had 2 spell levels left.
You didn't know any spells.
Your spell library was empty.

Dungeon Overview and Level Annotations

Branches:
Dungeon (3/15)

Altars:
Yredelemnul


Innate Abilities, Weirdness & Mutations

You are amphibious.
You cover ground slowly.
You can hop short distances.
You have an extended range of vision and can be seen from far away.


Message History

There is a stone staircase leading up here.
There are monsters nearby!
Unknown command.
You completely miss the goblin. The goblin hits you but does no damage.
You barely miss the goblin.
An ogre comes into view. It is wielding a +0 giant club.
The goblin hits you with a +0 dagger.
You closely miss the goblin. The goblin hits you with a +0 dagger.
You hit the goblin.
The goblin is moderately wounded.
The goblin hits you but does no damage.
You closely miss the goblin.
The goblin is moderately wounded.
The goblin misses you. The goblin hits you but does no damage.
Unknown command.
You miss the goblin.
The goblin is moderately wounded.
The goblin hits you but does no damage.
A giant cockroach comes into view.
You thump the goblin!
You kill the goblin!
The dead are walking!
You sock the ogre!
The ogre is heavily wounded.
The ogre hits you with a +0 giant club!!
Ouch! That really hurt!
* * * LOW HITPOINT WARNING * * *
Your goblin zombie hits the kobold but does no damage.
You are too injured to fight recklessly!
You barely miss the ogre.
The ogre is heavily wounded.
The ogre hits you but does no damage.
Your goblin zombie hits the kobold but does no damage.
You sock the ogre!
The ogre is severely wounded.
The giant cockroach barely misses you.
The ogre hits you with a +0 giant club!!
Ouch! That really hurt!
You die...
Your body rises from the dead as a mindless zombie.

# .. .. #. ..
#.#.#.##
........###.#####
#B@OKZ.....
####.####.. #


You could see an ogre, a giant cockroach, a kobold (ally target) and a friendly
goblin zombie.

Vanquished Creatures
  An adder (D:2)
  A dart slug (D:2)
  5 endoplasms
  A goblin (D:3)
  4 hobgoblins (D:2)
  2 kobolds (D:2)
  A frilled lizard (D:2)
  A rat (D:2)
16 creatures vanquished.

Vanquished Creatures (collateral kills)
  A giant cockroach (D:2)
  A goblin (D:2)
  2 ball pythons (D:2)
  A rat (D:2)
5 creatures vanquished.

Vanquished Creatures (others)
  A hobgoblin zombie (D:2)
  A quokka zombie (D:2)
2 creatures vanquished.

Grand Total: 23 creatures vanquished

Notes
Turn   | Place    | Note
-------+----------+-------------------------------------------
     0 | D:1      | slphil the Barachi Fighter began the quest for the Orb.
     0 | D:1      | Reached XP level 1. HP: 18/18 MP: 1/1
   103 | D:1      | You fall into a shaft and drop 1 floor!
   105 | D:2      | Found a faded altar of an unknown god.
   135 | D:2      | Prayed at the altar of an unknown god.
   135 | D:2      | Became a worshipper of Yredelemnul the Dark
   135 | D:2      | Reached * piety under Yredelemnul
   245 | D:2      | Reached XP level 2. HP: 25/25 MP: 2/2
   268 | D:2      | Reached skill level 4 in Fighting
   288 | D:2      | Reached ** piety under Yredelemnul
   317 | D:2      | Reached XP level 3. HP: 30/30 MP: 3/3
   663 | D:3      | Noticed an ogre
   671 | D:3      | Mangled by an ogre

Illustrated notes

Levels and vault maps discovered:
D:1:      wheals_arrival_linesprint, layout_loops_corners
D:2:      layout_loops_ring, ebering_ecumenical_altar_hall,
          chequers_serial_rivers_micro_c
D:3:      minmay_general_purpose_star, layout_loops_ring

Skill      XL: |  1  2 |
---------------+-------+-----
Fighting       | 4 |  4.2
Maces & Flails | 3 |  3.5
Armour         | |  3.6
Shields        | |  3.2

Action                   || total
-------------------------++-------
Melee: Flail             ||    50
Armor: Scale mail        ||    24
Dodge: Dodged            ||    15
Block: Buckler           ||    12

Table legend: (Time is in decaauts)
 A = Elapsed time spent in this place.
 B = Non-inter-level travel time spent in this place.
 C = Inter-level travel time spent in this place.
 D = Time resting spent in this place.
 E = Time spent auto-exploring this place.
 F = Levels seen in this place.
 G = Mean time per level.
                   A        B        C        D        E       F      G
               +--------+--------+--------+--------+--------+-----+--------+
         Total |    792 |    761 |     31 |      0 |    583 |   3 |  264.0 |
       Dungeon |    792 |    761 |     31 |      0 |    583 |   3 |  264.0 |
               +--------+--------+--------+--------+--------+-----+--------+

Top non-repeatable levels by time:
     D:2: 667 daAuts
     D:1: 113 daAuts
     D:3: 12 daAuts
